Map: Temple gelé

Players

Dracon - Winner!

  • Race: Terran Terran
  • Spawn Location: 5:00

zidar

  • Race: Zerg Zerg
  • League: Platinum
  • Spawn Location: 11:00

VOD

Have the link to the VOD?

Description

Time

  • Played on: Oct. 19, 2016, 2:31 p.m.
  • Length: 7:43
Show
View Real Time Build Order
Export as new Build Order

Dracon Terran - Winner!

Build Orders:  

Get SALT Encoding   

  12  0:01  SCV  
  13  0:13  SCV  
  14  0:19  Supply Depot  
  14  0:25  SCV  
  15  0:40  SCV  
  16  0:43  Barracks  
  16  0:52  SCV  
  16  0:55  Refinery  
  17  1:24  SCV  
  18  1:29  Refinery  
  18  1:36  Marine  
  18  1:38  Supply Depot  
  20  1:42  Orbital Command  
  19  1:53  Marine  
  20  2:09  SCV  
  20  2:10  Factory  
  20  2:11  Marine  
  22  2:24  Bunker  
  22  2:30  Marine  
  22  2:55  Starport  
  22  2:58  Starport  
  22  3:04  Factory Tech Lab  
  22  3:06  SCV  
  22  3:11  Marine, Command Center  
  24  3:18  SCV  
  25  3:25  Supply Depot  
  25  3:30  SCV  
  25  3:33  Starport Tech Lab  
  26  3:35  Starport Tech Lab  
  26  3:51  Bunker  
  26  3:54  Banshee  
  29  3:56  Banshee  
  29  3:59  SCV  
  33  4:13  Cloaking Field  
  33  4:27  Orbital Command, Engineering Bay  
  33  4:36  Marine  
  33  4:37  Banshee  
  37  4:50  Banshee  
  40  5:00  Orbital Command  
  40  5:10  Missile Turret  
  40  5:13  Siege Tank  
  43  5:18  SCV  
  44  5:30  SCV  
  45  5:39  Banshee  
  48  5:46  Marine  
  49  5:56  Barracks  
  49  5:57  SCV  
  49  5:58  SCV  
  49  6:01  Siege Tank  
  54  7:31  Supply Depot x2  
Show
View Real Time Build Order
Export as new Build Order

zidar Zerg 

Build Orders: Hatch First 

Get SALT Encoding   

  12  0:01  Drone  
  13  0:08  Drone  
  14  0:26  Overlord  
  14  0:33  Extractor, Drone  
  14  0:36  Extractor  
  14  0:37  Drone  
  16  0:56  Hatchery  
  15  0:59  Drone  
  16  1:12  Extractor, Drone x2  
  16  1:27  Spawning Pool  
  16  1:28  Drone  
  16  1:41  Drone  
  17  1:50  Drone  
  18  1:59  Drone  
  19  2:07  Overlord  
  19  2:14  Queen  
  19  2:15  Queen  
  21  2:18  Zergling x4  
  25  2:24  Metabolic Boost  
  25  2:48  Zergling x4  
  25  2:49  Zergling x2  
  25  2:50  Overlord  
  28  2:52  Overlord  
  28  3:08  Roach Warren  
  27  3:14  Drone x3  
  30  3:24  Drone x3  
  33  3:37  Extractor, Drone x3  
  33  3:38  Drone  
  36  3:48  Roach  
  36  3:49  Roach  
  36  3:51  Roach  
  36  3:55  Roach  
  44  4:15  Overlord x2  
  44  4:27  Overlord  
  44  4:28  Overlord  
  44  4:44  Roach x8  
  60  4:53  Ravager  
  61  5:12  Lair  
  61  5:18  Extractor  
  61  5:21  Extractor  
  59  5:37  Ravager x2  
  59  5:39  Hatchery  
  59  5:40  Drone x10  
  59  5:41  Drone x3  
  73  5:50  Ravager  
  74  6:12  Roach  
  74  6:14  Overlord x3  
  72  6:25  Overseer  
  72  6:28  Ravager  
  35  7:10  Drone x9  
  35  7:14  Drone x2  
  35  7:15  Drone  
  34  7:31  Ravager  
Tags
 
League
Platinum
Matchup
TvZ
Spawn Locations
Cross Positions
Add a new tag
Caveats
  • Supply blocks, unpowered buildings, or Contaminate may cause inaccurate times.
  • Supply counts are checked every 10 seconds.